 Dungeon Sprint DCSS version 0.22.0-27-ga576289601 (webtiles) character file.

424 Freyura the Magician (level 6, -8/53 HPs)
             Began as a Gnoll Warper on Aug 22, 2018.
             Was an Elder of Jiyva.
             Mangled by a demonic crawler (11 damage)
             ... in the Dungeon (Sprint I: "Red Sonja").
             The game lasted 00:06:47 (808 turns).

Freyura the Magician (Gnoll Warper)                  Turns: 808, Time: 00:06:48

Health: -8/53      AC:  2    Str: 13    XL:     6   Next: 96%
Magic:  9/16       EV: 16    Int: 16    God:    Jiyva [****..]
Gold:   70         SH:  0    Dex: 16    Spells: 2/19 levels left

rFire    . . .     SeeInvis .   a - +0 spear
rCold    . . .     Gourm    .   (no shield)
rNeg     . . .     Faith    .   b - +0 leather armour
rPois    .         Spirit   .   (helmet restricted)
rElec    .         Reflect  .   (no cloak)
rCorr    +         Harm     .   (no gloves)
MR       .....     NoTele   +   (no boots)
Stlth    +++.......             (no amulet)
HPRegen  0.17/turn              (no ring)
MPRegen  0.15/turn              (no ring)

@: no status effects
A: distributed training, fangs 1, horns 1, pseudopods 1, strong nose
a: Request Jelly, Slimify, Renounce Religion


You were in the Dungeon.
You worshipped Jiyva.
Jiyva was greatly pleased with you.
You were full.

You visited 1 branch You collected 70 gold pieces.

Inventory:

Hand Weapons
 a - a +0 spear (weapon)
Missiles
 e - 5 tomahawks of dispersal (quivered)
Armour
 b - a +0 leather armour (worn)
Scrolls
 c - a scroll of identify {unknown}
 d - 2 scrolls of blinking
Potions
 g - a potion of curing
 j - 2 potions of magic
Comestibles
 f - a ration


   Skills:
 + Level 6.8 Fighting
 + Level 4.9 Short Blades
 + Level 4.9 Long Blades
 + Level 4.9 Axes
 + Level 4.9 Maces & Flails
 + Level 6.8 Polearms
 + Level 4.9 Staves
 + Level 4.9 Slings
 + Level 4.9 Bows
 + Level 4.9 Crossbows
 + Level 5.6 Throwing
 + Level 5.6 Armour
 + Level 6.8 Dodging
 + Level 4.9 Stealth
 + Level 4.9 Shields
 + Level 4.9 Unarmed Combat
 + Level 7.1 Spellcasting
 + Level 4.1 Conjurations
 + Level 4.1 Hexes
 + Level 4.1 Charms
 + Level 4.1 Summonings
 + Level 4.1 Necromancy
 + Level 6.9 Translocations
 + Level 4.1 Transmutations
 + Level 4.1 Fire Magic
 + Level 4.1 Ice Magic
 + Level 4.1 Air Magic
 + Level 4.1 Earth Magic
 + Level 4.1 Poison Magic
 + Level 5.4 Invocations
 + Level 4.9 Evocations


You had 2 spell levels left.
You knew the following spells:

 Your Spells              Type           Power        Failure   Level  Hunger
a - Blink                 Tloc           N/A          1%          2    None
b - Gell's Gravitas       Tloc           ####......   2%          3    ##.....
c - Shroud of Golubria    Chrm/Tloc      ###.......   2%          2    None
d - Teleport Other        Tloc           ####....     2%          3    ##.....
e - Passage of Golubria   Tloc           N/A          9%          4    ####...
f - Lesser Beckoning      Tloc           ####......   2%          3    ##.....

Your spell library contained the following spells:

 Spells                   Type           Power        Failure   Level  Hunger


Dungeon Overview and Level Annotations

Branches:
Dungeon (1/1)

Altars:
Cheibriados
Dithmenos
Elyvilon
Fedhas
Gozag
Hepliaklqana
Kikubaaqudgha
Makhleb
Nemelex Xobeh
Okawaru
Qazlal
Ru
Sif Muna
Trog
Uskayaw
Vehumet
Wu Jian
Xom
Yredelemnul
Zin
The Shining One
Jiyva
Lugonu

Shops:
D }


Innate Abilities, Weirdness & Mutations

Your experience applies equally to all skills.
You have very sharp teeth.
Your uncanny sense of smell can sniff out nearby items.
You have a pair of small horns on your head.
Armour fits poorly on your pseudopods.


Message History

You closely miss the demonic crawler.
Your bludgeon misses the demonic crawler.
The demonic crawler is lightly wounded.
The demonic crawler closely misses you.
Your shroud bends the demonic crawler's attack away!
The demonic crawler hits you.
* * * LOW HITPOINT WARNING * * *
Your shroud falls apart!
Casting: Shroud of Golubria (safe; 2% risk of failure)
Confirm with . or Enter, or press ? or * to list all spells.
You blink.
Casting: Blink (safe; 1% risk of failure)
Confirm with . or Enter, or press ? or * to list all spells.
Aiming: Passage of Golubria (safe; 9% risk of failure)
Press: ? - help, Dir - move target cursor
There is an iron altar of Okawaru here.
The demonic crawler hits you.
* * * LOW HITPOINT WARNING * * *
The demonic crawler hits you!
You die...

###################
#<.#..)..#.)'J.#__#∆∆
#..)..#..'..#..'..+∆∆
#..#####'#####'#__#
#..####$$#$$$#.####∆∆
#..#__####$$##.#
#..#__s__##'#_.+
#⌠⌠#_@∩^..'.^._#
####_..__##_.#+#
∆∆#_____###+#∆ ∆∆∆∆
####### ∆ ∆ ∆ ∆∆ ∆∆ ∆
∆ ∆ ∆ ∆


You could see a demonic crawler.

Vanquished Creatures
  Sigmund (D)
  A yak (D)
  An ogre (D)
  Ijyb (D)
4 creatures vanquished.

Vanquished Creatures (others)
  A jelly (D)
  2 kobold demonologists (D)
  A floating eye (D)
4 creatures vanquished.

Grand Total: 8 creatures vanquished

Notes
Turn   | Place    | Note
-------+----------+-------------------------------------------
     0 | D        | Freyura the Gnoll Warper began the quest for the Orb.
     0 | D        | Reached XP level 1. HP: 20/20 MP: 6/6
     1 | D        | Noticed Ijyb
    28 | D        | Killed Ijyb
    28 | D        | Reached skill level 1 in Short Blades
    28 | D        | Reached skill level 1 in Long Blades
    28 | D        | Reached skill level 1 in Axes
    28 | D        | Reached skill level 1 in Maces & Flails
    28 | D        | Reached skill level 1 in Staves
    28 | D        | Reached skill level 1 in Slings
    28 | D        | Reached skill level 1 in Bows
    28 | D        | Reached skill level 1 in Crossbows
    28 | D        | Reached skill level 1 in Stealth
    28 | D        | Reached skill level 1 in Shields
    28 | D        | Reached skill level 1 in Unarmed Combat
    28 | D        | Reached skill level 5 in Spellcasting
    28 | D        | Reached skill level 1 in Conjurations
    28 | D        | Reached skill level 1 in Hexes
    28 | D        | Reached skill level 1 in Charms
    28 | D        | Reached skill level 1 in Summonings
    28 | D        | Reached skill level 1 in Necromancy
    28 | D        | Reached skill level 1 in Transmutations
    28 | D        | Reached skill level 1 in Fire Magic
    28 | D        | Reached skill level 1 in Ice Magic
    28 | D        | Reached skill level 1 in Air Magic
    28 | D        | Reached skill level 1 in Earth Magic
    28 | D        | Reached skill level 1 in Poison Magic
    28 | D        | Reached skill level 1 in Invocations
    28 | D        | Reached skill level 1 in Evocations
    28 | D        | Reached XP level 2. HP: 5/26 MP: 8/8
    28 | D        | Reached XP level 3. HP: 7/32 MP: 9/9
   280 | D        | Noticed an ogre
   301 | D        | Killed an ogre
   301 | D        | Reached skill level 5 in Fighting
   301 | D        | Reached skill level 5 in Polearms
   301 | D        | Reached skill level 5 in Dodging
   301 | D        | Reached XP level 4. HP: 11/39 MP: 9/11
   305 | D        | Learned a level 2 spell: Blink
   309 | D        | Learned a level 3 spell: Gell's Gravitas
   312 | D        | Learned a level 2 spell: Shroud of Golubria
   316 | D        | Learned a level 3 spell: Teleport Other
   321 | D        | Learned a level 4 spell: Passage of Golubria
   522 | D        | Noticed Sigmund
   540 | D        | Killed Sigmund
   540 | D        | Reached skill level 5 in Throwing
   540 | D        | Reached skill level 5 in Armour
   540 | D        | Reached skill level 6 in Spellcasting
   540 | D        | Reached XP level 5. HP: 41/47 MP: 11/14
   540 | D        | Reached XP level 6. HP: 46/53 MP: 11/15
   558 | D        | Learned a level 3 spell: Lesser Beckoning
   692 | D        | Found a burning altar of Makhleb.
   692 | D        | Found a viscous altar of Jiyva.
   692 | D        | Found a shimmering altar of Xom.
   692 | D        | Found a corrupted altar of Lugonu.
   692 | D        | Noticed a slime creature
   695 | D        | Became a worshipper of Jiyva Jiciseos the Shapeless
   698 | D        | Found an ornate altar of the Wu Jian Council.
   698 | D        | Found a deep blue altar of Sif Muna.
   700 | D        | Found a radiant altar of Vehumet.
   708 | D        | Reached * piety under Jiyva
   708 | D        | Reached ** piety under Jiyva
   711 | D        | Found Vyox's Gadget Emporium.
   711 | D        | Found an ancient bone altar of Kikubaaqudgha.
   711 | D        | Found a hazy altar of Hepliaklqana.
   711 | D        | Found a stormy altar of Qazlal.
   711 | D        | Found a hide-covered altar of Uskayaw.
   711 | D        | Found a blossoming altar of Fedhas.
   711 | D        | Found a bloodstained altar of Trog.
   711 | D        | Found an iron altar of Okawaru.
   711 | D        | Found a basalt altar of Yredelemnul.
   711 | D        | Found a glowing golden altar of the Shining One.
   711 | D        | Found a snail-covered altar of Cheibriados.
   711 | D        | Found a sacrificial altar of Ru.
   711 | D        | Found a glowing silver altar of Zin.
   711 | D        | Found a shadowy altar of Dithmenos.
   711 | D        | Found a white marble altar of Elyvilon.
   711 | D        | Noticed a yak
   718 | D        | Reached *** piety under Jiyva
   721 | D        | Gained mutation: Armour fits poorly on your pseudopods. [Jiyva's grace]
   721 | D        | Reached **** piety under Jiyva
   723 | D        | HP: 2/79 [yak (17)]
   724 | D        | Killed a yak
   724 | D        | Reached skill level 7 in Spellcasting
   724 | D        | Reached skill level 5 in Invocations
   725 | D        | Found an opulent altar of Gozag.
   726 | D        | Found a sparkling altar of Nemelex Xobeh.
   733 | D        | Killed a kobold demonologist
   738 | D        | Killed a kobold demonologist
   739 | D        | Gained mutation: You have a pair of small horns on your head. [Jiyva's grace]
   743 | D        | Killed a floating eye
   799 | D        | Noticed a demonic crawler
   808 | D        | Mangled by a demonic crawler

Skill      XL: |  1  2  3  4  5  6 |
---------------+-------------------+-----
Short Blades   | 1 3 4 |  4.9
Long Blades    | 1 3 4 |  4.9
Axes           | 1 3 4 |  4.9
Maces & Flails | 1 3 4 |  4.9
Staves         | 1 3 4 |  4.9
Slings         | 1 3 4 |  4.9
Bows           | 1 3 4 |  4.9
Crossbows      | 1 3 4 |  4.9
Throwing       | 3 4 5 |  5.6
Armour         | 3 4 5 |  5.6
Stealth        | 1 3 4 |  4.9
Shields        | 1 3 4 |  4.9
Unarmed Combat | 1 3 4 |  4.9
Spellcasting   | 5 6 7 |  7.1
Conjurations   | 1 2 3 4 |  4.1
Hexes          | 1 2 3 4 |  4.1
Charms         | 1 2 3 4 |  4.1
Summonings     | 1 2 3 4 |  4.1
Necromancy     | 1 2 3 4 |  4.1
Transmutations | 1 2 3 4 |  4.1
Fire Magic     | 1 2 3 4 |  4.1
Ice Magic      | 1 2 3 4 |  4.1
Air Magic      | 1 2 3 4 |  4.1
Earth Magic    | 1 2 3 4 |  4.1
Poison Magic   | 1 2 3 4 |  4.1
Invocations    | 1 3 4 5 |  5.4
Evocations     | 1 3 4 |  4.9
Fighting       | 5 6 |  6.8
Polearms       | 5 6 |  6.8
Dodging        | 5 6 |  6.8
Translocations | 6 |  6.9

Action                   |  1- 3 |  4- 6 || total
-------------------------+-------+-------++-------
Melee: Spear             |    47 |    29 ||    76
       Bite              |     5 |     5 ||    10
       Punch             |       |     2 ||     2
       Pseudopods        |       |     1 ||     1
 Cast: Shroud of Golubri |       |     3 ||     3
       Blink             |       |     1 ||     1
       Passage of Golubr |       |     1 ||     1
  Use: Potion            |     1 |     2 ||     3
Armor: Leather armour    |     2 |       ||     2
Dodge: Dodged            |    21 |    10 ||    31
